 Dungeon Crawl Stone Soup version 0.31-a0-145-g046c7d2549 (webtiles) character file.

Game seed: 6507681649866304115

309 nicknak712 the Grave Robber (level 6, -2/41 HPs)
             Began as a Demonspawn Necromancer on June 5, 2023.
             Killed by divine providence
             ... invoked by an orc priest
              (11 damage)
             ... on level 4 of the Dungeon.
             The game lasted 00:24:24 (3464 turns).

nicknak712 the Grave Robber (DsNe)                  Turns: 3464, Time: 00:24:25

Health: -2/41      AC:  4    Str:  8    XL:     6   Next: 17%
Magic:  3/11       EV: 12    Int: 18    God:
Gold:   139        SH:  0    Dex: 14    Spells: 4/12 levels left

rFire   . . .        t - +3 hand axe (flame)
rCold   + . .        (no shield)
rNeg    . . .        i - +0 leather armour
rPois   .            c - +0 helmet
rElec   .            (no cloak)
rCorr   .            (no gloves)
SInv    .            (no boots)
Will    +....        g - amulet of regeneration
Stlth   ++           k - ring of willpower
HPRegen 1.06/turn    o - ring of protection from cold
MPRegen 0.12/turn

%: no passive effects
@: animating dead
A: spiny 1, demonic touch 2
a: no special abilities


You were on level 4 of the Dungeon.
You visited 1 branch of the dungeon, and saw 4 of its levels.

You collected 205 gold pieces.
You spent 66 gold pieces at shops.

Inventory:

Hand Weapons
 e - a +2 dagger of venom
 f - a +2 dagger of venom
 t - a +3 hand axe of flaming (weapon)
 u - a +1 whip of venom
Armour
 a - a +0 robe
 c - a +0 helmet (worn)
 i - a +0 leather armour (worn)
Magical Staves
 s - the staff of poison "Naaxut" {rElec rPois rCorr}
   (You found it on level 3 of the Dungeon)

   [staff of poison]

   Base accuracy: +5 Base damage: 5 Base attack delay: 1.2 This weapon's minimum
   attack delay (0.6) is reached at skill level 12.
   rElec:     It insulates you from electricity.
   rPois:     It protects you from poison.
   rCorr:     It protects you from acid and corrosion.
   It falls into the 'Staves' category.
   It is a one-handed weapon.
Jewellery
 g - an amulet of regeneration (around neck)
 k - a ring of willpower (left hand)
 o - a ring of protection from cold (right hand)
Wands
 r - a wand of roots (3)
Scrolls
 d - 2 scrolls of fear
 j - 3 scrolls of teleportation
 m - 2 scrolls of fog {unknown}
 n - a scroll of enchant weapon {unknown}
 q - a scroll of blinking {unknown}
Potions
 b - a potion of magic
 h - 2 potions of mutation {unknown}
 l - a potion of degeneration
 p - 4 potions of curing


   Skills:
 + Level 2.9 Dodging
 * Level 3.6 Stealth
 * Level 3.9 Spellcasting
 + Level 5.3 Necromancy


You had 4 spell levels left.
You knew the following spells:

 Your Spells              Type           Power      Damage    Failure   Level
a - Necrotise             Necr           88%        1d8       2%          1
b - Vampiric Draining     Necr           22%        2d7       8%          3
c - Animate Dead          Necr           22%        N/A       24%         4

Your spell library contained the following spells:

 Spells                   Type           Power      Damage    Failure   Level
 Agony                    Necr           22%        N/A       56%         5


Dungeon Overview and Level Annotations

Branches:
Dungeon (4/15)
 Temple: D:4-7

Altars:
Xom

Shops:
D:2 !   D:4 :

Annotations:
D:4 roninjake's ghost, amateur MiHu


Innate Abilities, Weirdness & Mutations

You are partially covered in sharp spines.
Your touch may inflict irresistible damage on your foes.


Message History

You kill the orc!
The dead are walking!
The orc hits you from afar with a +3 trident!
The orc barely misses you.
You draw life force from the orc!
You kill the orc!
You feel life coursing into your body.
The dead are walking!
The orc barely misses you.
Roninjake's ghost shrieks, "You will never get the ORB!"
The orc hits you with a +0 short sword.
You draw life force from the orc!
You kill the orc!
You feel life coursing into your body.
The dead are walking!
The orc closely misses you.
You swap places.
The orc completely misses you.
There is an open translucent gate here.
You closely miss the orc. Your touch misses the orc.
The orc priest calls down the wrath of Beogh upon you.
Beogh smites you! The orc barely misses you.
The orc hits your orc zombie with a +3 trident.
You barely miss the orc. Your touch misses the orc.
Your orc zombie hits the orc but does no damage.
The orc hits your orc zombie with a +3 trident!
Your orc zombie is destroyed!
Roninjake's ghost ripples.
You closely miss the orc. The orc warrior barely misses you.
The orc is struck by your spines. The orc hits you but does no damage.
You hit the orc. You burn the orc.
You kill the orc!
The dead are walking!
The orc warrior hits you from afar with a +0 halberd!
The orc priest looks encouraged for a moment.
Your orc zombie misses roninjake's ghost.
You don't have enough magic to cast this spell.
You closely miss roninjake's ghost.
The orc warrior hits you from afar with a +0 halberd!
* * * LOW HITPOINT WARNING * * *
The orc priest calls down the wrath of Beogh upon you.
Beogh smites you!
You die...

# #.# #.# # ###.#####.#
# #......##.#
####.#Z##.##.#####
..Z..#...........##
######........##..######
# ##.#<.............. #
#.#.8...Z)Z)...... ###
#.########@)'##### ..#
#.. #..o.WZ....... ..#
### #...o#####....
..#########.###o.... ##.
..#.......#.#8#..8..# #
..#.####..#...........
###.# #...#8...)[_[...
###.# #...##### ######
.##.# #.)..)..#


You could see an orc warrior (ally target), an orc priest, roninjake's ghost and
3 friendly orc zombies.

Vanquished Creatures
  2 hounds
  Natasha (thrice) (D:2)
  Robin (D:4)
  A gnoll (D:1)
  4 adders
  4 worms
  2 dart slugs (D:3)
  7 orcs
  3 bats
  8 endoplasms
  A giant cockroach (D:2)
  18 goblins
  8 hobgoblins
  7 jackals
  7 kobolds
  3 quokkas
  2 ball pythons
  4 frilled lizards
  5 rats
  2 butterflies (D:4)
92 creatures vanquished.

Vanquished Creatures (collateral kills)
  An endoplasm (D:2)
  A frilled lizard (D:1)
  A rat (D:1)
3 creatures vanquished.

Vanquished Creatures (others)
  4 goblin zombies (D:4)
  An orc zombie (D:4)
5 creatures vanquished.

Grand Total: 100 creatures vanquished

Notes
Turn   | Place    | Note
-------+----------+-------------------------------------------
     0 | D:1      | nicknak712 the Demonspawn Necromancer began the quest for
                  | the Orb.
     0 | D:1      | Reached XP level 1. HP: 13/13 MP: 3/3
   135 | D:1      | Gained mutation: You are partially covered in sharp spines.
                  | [demonic ancestry]
   135 | D:1      | Reached XP level 2. HP: 18/19 MP: 0/5
   591 | D:1      | Gained mutation: Your touch may inflict minor irresistible
                  | damage on your foes. [demonic ancestry]
   591 | D:1      | Reached XP level 3. HP: 24/24 MP: 3/6
   829 | D:2      | Noticed Natasha
   833 | D:2      | Killed Natasha
   900 | D:2      | Gained mutation: Your touch may inflict irresistible damage
                  | on your foes. [demonic ancestry]
   900 | D:2      | Reached XP level 4. HP: 30/30 MP: 4/8
  1106 | D:2      | Learned a level 3 spell: Vampiric Draining
  1149 | D:2      | Noticed Natasha
  1155 | D:2      | Killed Natasha
  1224 | D:2      | Learned a level 4 spell: Animate Dead
  1384 | D:2      | Noticed Natasha
  1390 | D:2      | Killed Natasha
  1435 | D:2      | Found Moruh's Distillery.
  1443 | D:2      | Reached skill level 5 in Necromancy
  1472 | D:2      | Bought a potion of curing for 33 gold pieces
  1472 | D:2      | Bought a potion of curing for 33 gold pieces
  1679 | D:2      | Reached XP level 5. HP: 31/34 MP: 5/9
  2323 | D:3      | Identified the staff of poison "Naaxut" {rElec rPois rCorr}
  2939 | D:4      | Found Suepnar's Book Boutique.
  3072 | D:4      | Found a shimmering altar of Xom.
  3146 | D:4      | Noticed Robin
  3155 | D:4      | Reached XP level 6. HP: 39/41 MP: 7/11
  3165 | D:4      | Killed Robin
  3442 | D:4      | Found a runed translucent gate.
  3443 | D:4      | Found a runed translucent gate.
  3444 | D:4      | Found a runed translucent gate.
  3445 | D:4      | Identified the +7 chain mail "Iluogh" {Fly Will- Int+4
                  | SInv}
  3445 | D:4      | Noticed an orc warrior
  3447 | D:4      | Noticed roninjake's ghost (amateur MiHu)
  3464 | D:4      | Killed from afar by an orc priest

Illustrated notes

Levels and vault maps discovered:
D:1:      lightli_arrival_statue_moat, layout_loops_ring, nicolae_grassy_gnolls
D:2:      layout_loops_ring, serial_shops, nicolae_shop_industrial_runoff,
          st_stairs_6, uniq_natasha
D:3:      layout_loops_ring
D:4:      layout_loops_cross, xom_butterflies, biasface_ghost_orc_armoury,
          serial_shops, nicolae_lakefront_shop, uniq_robin

Skill      XL: |  1  2  3  4  5 |
---------------+----------------+-----
Stealth        | 2 3 |  3.6
Dodging        | 2 |  2.9
Spellcasting   | 3 |  3.9
Necromancy     | 5 |  5.3

Action                     |  1- 3 |  4- 6 || total
---------------------------+-------+-------++-------
  Melee: Dagger            |    18 |    60 ||    78
         Touch             |     2 |    12 ||    14
         Punch             |       |     2 ||     2
         Hand axe          |       |    34 ||    34
   Cast: Necrotise         |    31 |    13 ||    44
         Animate Dead      |       |    12 ||    12
         Vampiric Draining |       |     2 ||     2
    Use: Scroll            |     1 |     2 ||     3
         Potion            |     1 |       ||     1
   Stab: Sleeping          |     1 |     4 ||     5
 Armour: Robe              |     2 |       ||     2
         Leather armour    |     3 |    17 ||    20
  Dodge: Dodged            |    15 |    35 ||    50

Table legend: (Time is in decaauts)
 A = Elapsed time spent in this place.
 B = Non-inter-level travel time spent in this place.
 C = Inter-level travel time spent in this place.
 D = Time resting spent in this place.
 E = Time spent auto-exploring this place.
 F = Levels seen in this place.
 G = Mean time per level.
                   A        B        C        D        E       F      G
               +--------+--------+--------+--------+--------+-----+--------+
         Total |   3474 |   3439 |     35 |    378 |   2326 |   4 |  868.5 |
       Dungeon |   3474 |   3439 |     35 |    378 |   2326 |   4 |  868.5 |
               +--------+--------+--------+--------+--------+-----+--------+

Top non-repeatable levels by time:
     D:2: 1114 daAuts
     D:3: 860 daAuts
     D:1: 828 daAuts
     D:4: 671 daAuts
